 Dungeon Crawl Stone Soup version 0.19-a0-1834-g6b7851e (webtiles) character file.

27653 Alarkh the Grappler (level 13, -11/114 HPs)
             Began as a Ghoul Monk on Oct 9, 2016.
             Was the Champion of Okawaru.
             Killed from afar by an oklob plant (13 damage)
             ... with a splash of acid
             ... on level 4 of the Lair of Beasts.
             The game lasted 00:31:20 (12595 turns).

Alarkh the Grappler (Ghoul Monk)                   Turns: 12595, Time: 00:31:21

Health: -11/114    AC:  6    Str: 22    XL:     13   Next: 33%
Magic:  17/17      EV: 19    Int:  9    God:    Okawaru [******]
Gold:   731        SH:  0    Dex: 11    Spells: 0 memorised, 12 levels left

rFire  . . .     SeeInvis .       - Unarmed
rCold  + . .     Gourm    .     t - +1 troll leather armour
rNeg   + + +     Faith    +     (no shield)
rPois  ∞         Spirit   .     L - +0 helmet
rElec  .         Dismiss  .     k - +0 cloak
rCorr  .         Reflect  .     (no gloves)
MR     +....     Harm     .     l - +0 pair of boots
Stlth  +++++.....               h - amulet "Korink" {Faith Str+6}
                                B - ring of protection from magic
                                o - +2 ring of protection

@: heroism, corroded, rotting
A: rotting body, claws 1, carnivore 3, cold resistance 1, negative energy
resistance 3, slow regeneration 1, torment resistance, unbreathing
a: Heroism, Finesse, Renounce Religion


You were on level 4 of the Lair of Beasts.
You worshipped Okawaru.
Okawaru was exalted by your worship.
You were not hungry.

You visited 3 branches of the dungeon, and saw 16 of its levels.
You also visited: Labyrinth.

You collected 801 gold pieces.
You spent 70 gold pieces at shops.

Inventory:

Missiles
 r - 5 throwing nets (quivered)
Armour
 k - a +0 cloak (worn)
 l - a +0 pair of boots (worn)
 t - a +1 troll leather armour (worn)
 L - a +0 helmet (worn)
Jewellery
 h - the amulet "Korink" (around neck) {Faith Str+6}
   (You found it in a labyrinth)

   [amulet of faith]

   It allows you to gain divine favour quickly.
   It affects your strength (+6).
 o - a +2 ring of protection (left claw)
 s - a +4 ring of dexterity
 u - an uncursed ring of see invisible
 B - a ring of protection from magic (right claw)
 J - an uncursed amulet of guardian spirit
 Z - an uncursed ring of fire
Wands
 d - a wand of teleportation (2/9)
 y - a wand of confusion (26/48)
 R - a wand of flame (15/48)
 V - a wand of lightning (9/15)
 Y - a wand of hasting (9/9)
Scrolls
 c - a scroll of amnesia
 e - 2 scrolls of identify
 f - 6 scrolls of teleportation
 g - 9 scrolls of remove curse
 m - 2 scrolls of fear
 q - 4 scrolls of recharging
 v - a scroll of immolation {unknown}
 z - a scroll of blinking
 I - a scroll of fog
 T - 2 scrolls of noise {unknown}
 W - 2 scrolls of magic mapping
 X - a scroll of torment {unknown}
Potions
 b - a potion of ambrosia {unknown}
 i - 4 potions of flight
 j - a potion of heal wounds
 n - 9 potions of curing
 x - 2 potions of resistance {unknown}
 E - 3 potions of agility
 H - 2 potions of mutation {unknown}
 M - a potion of haste
 O - 2 potions of might
 S - a potion of beneficial mutation {unknown}
Books
 p - a book of Geomancy

   Spells                             Type                      Level
   a - Sandblast                      Earth                        1
   b - Passwall                       Transmutation/Earth          2
   c - Stone Arrow                    Conjuration/Earth            3
   d - Petrify                        Transmutation/Earth          4
   e - Lee's Rapid Deconstruction     Earth                        5
Miscellaneous
 a - a fan of gales
Comestibles
 w - 47 chunks of flesh
 A - 3 meat rations
 C - a royal jelly
 D - a beef jerky


   Skills:
 + Level 10.7(15.7) Fighting
 + Level 7.6(12.6) Armour
 + Level 9.0(14.0) Dodging
 + Level 7.8(12.8) Stealth
 * Level 14.4(19.4) Unarmed Combat
 + Level 7.0 Invocations


You had 12 spell levels left.
You didn't know any spells.

Dungeon Overview and Level Annotations

Branches:
Dungeon (11/15)            Temple (1/1) D:5            Lair (4/6) D:9
  Swamp (0/4) Lair:2       Spider (0/4) Lair:2          Orc (0/2) D:9

Altars:
Ashenzari
Cheibriados
Dithmenos
Elyvilon
Fedhas
Gozag
Hepliaklqana
Kikubaaqudgha
Makhleb
Nemelex Xobeh
Okawaru
Qazlal
Ru
Sif Muna
Trog
Uskayaw
Vehumet
Xom
Yredelemnul
Zin
The Shining One

Shops:
D:7 *

Annotations:
D:8 1 exclusion
Lair:4 exclusion: 4 oklob plants


Innate Abilities, Weirdness & Mutations

Your body is rotting away.
You thrive on raw meat.
You are immune to poison.
You have sharp fingernails.
You are carnivorous and can eat meat at any time.
Your flesh is cold resistant. (rC+)
You are immune to negative energy. (rN+++)
You regenerate slowly when monsters are visible.
You are immune to unholy pain and torment.
You can survive without breathing.


Message History

Unknown command.
Search for what [Enter for "."]? rco Unknown command.
The oklob plant spits acid at you. The splash of acid hits you!
The acid corrodes you!
You are splashed with acid!
The acid burns!
* * * LOW HITPOINT WARNING * * *
The oklob plant spits acid at you. The splash of acid hits you!
* * * LOW HITPOINT WARNING * * *
You are splashed with acid!
The acid burns!
* * * LOW HITPOINT WARNING * * *
The oklob plant spits acid at you. The splash of acid hits you!
* * * LOW HITPOINT WARNING * * *
You are splashed with acid!
The acid burns!
* * * LOW HITPOINT WARNING * * *
The oklob plant spits acid at you. The splash of acid hits you!
You die...

#........##
#P.........#
#........#
##.........#
##........##
#.........##
##.......>..#
### #...)......#
#..........##
#.###.........##
###.........#
#..##.........P#
#..........#
#.............##
#########.##
#..###..#######
### ##.@# ####
#..## ###..##
##.#...#
#P.....##
#.......#
###.PPP##
#P$P.P# ##$$P$#


You could see 2 oklob plants.

Vanquished Creatures
  Rupert (Lair:3)
  A minotaur (Lab)
  Harold (D:10)
  Fannar (Lair:3)
  2 hydras
  Erica (Lair:2)
  A death knight (D:10)
  Urug (Lair:2)
  The ghost of graki42 the Slicer, a novice HaBe of Trog (D:9)
  A phantasmal warrior (D:10)
  3 elephants (Lair:4)
  Psyche (D:10)
  3 black mambas
  5 spiny frogs
  4 komodo dragons
  A rime drake (Lair:4)
  A queen bee (D:9)
  2 trolls
  6 hippogriffs
  A hornet (D:10)
  Grinder (D:6)
  A vampire (D:6)
  2 wyverns (Lair:3)
  A wraith (D:10)
  19 yaks
  A basilisk (Lair:3)
  6 vampire mosquitoes (D:10)
  A hungry ghost (D:10)
  Edmund (D:8)
  An insubstantial wisp (D:10)
  2 wargs (D:9)
  Duvessa (D:6)
  3 porcupines
  5 water moccasins
  4 orc warriors
  3 ice beasts
  2 sky beasts
  2 necrophages
  2 black bears
  6 ogres
  A centaur (D:10)
  8 crocodiles
  A big kobold (D:11)
  14 bullfrogs
  2 gnoll sergeants
  Dowan (D:6)
  2 scorpions
  A wyvern skeleton (D:9)
  15 killer bees (D:9)
  8 wights
  2 howler monkeys (D:10)
  5 crimson imps
  2 bullfrog zombies
  2 quasits
  2 centaur zombies (D:5)
  6 orc priests
  Crazy Yiuf (D:4)
  2 centaur skeletons
  7 hounds
  A jelly (D:7)
  A bullfrog skeleton (D:8)
  3 iguanas
  10 orc wizards
  6 worker ants
  A hound zombie (D:7)
  2 hound skeletons
  A worker ant zombie (D:8)
  A howler monkey skeleton (D:6)
  11 adders
  9 gnolls
  A shadow imp (D:10)
  An adder skeleton (D:4)
  6 worms
  A dart slug (D:1)
  7 leopard geckos
  30 orcs
  A ball python (D:2)
  8 bats
  4 giant cockroaches
  6 goblins
  8 hobgoblins
  4 jackals (D:1)
  10 kobolds
  2 quokkas
  7 frilled lizards
  2 quokka zombies
  10 rats
  A plant (D:10)
339 creatures vanquished.

Vanquished Creatures (others)
  A fungus (Lair:4)
1 creature vanquished.

Grand Total: 340 creatures vanquished

Notes
Turn   | Place    | Note
-------+----------+-------------------------------------------
     0 | D:1      | Alarkh the Ghoul Monk began the quest for the Orb.
     0 | D:1      | Reached XP level 1. HP: 19/19 MP: 0/0
    41 | D:1      | Reached XP level 2. HP: 7/26 MP: 1/1
   501 | D:1      | Reached skill level 4 in Unarmed Combat
   562 | D:1      | Reached XP level 3. HP: 31/31 MP: 2/2
   972 | D:2      | Reached XP level 4. HP: 21/40 MP: 3/3
  1882 | D:3      | Reached XP level 5. HP: 35/46 MP: 4/4
  1901 | D:3      | Reached skill level 5 in Unarmed Combat
  2676 | D:4      | Noticed an ogre
  2688 | D:4      | Killed an ogre
  2688 | D:4      | Reached XP level 6. HP: 53/53 MP: 5/5
  2765 | D:4      | Reached skill level 6 in Unarmed Combat
  2912 | D:4      | Reached XP level 7. HP: 29/60 MP: 6/6
  2928 | D:4      | HP: 1/60 [gnoll/spear (6)]
  3316 | D:4      | Found a runed door.
  3497 | D:4      | Noticed Crazy Yiuf
  3503 | D:4      | Killed Crazy Yiuf
  3503 | D:4      | Reached skill level 5 in Fighting
  3569 | D:5      | Entered Level 5 of the Dungeon
  3737 | D:5      | Reached skill level 7 in Unarmed Combat
  4007 | D:5      | Got an encrusted ring mail
  4018 | D:5      | Identified the cursed +1 ring mail of the King {rN+ rCorr} (You found it on level 5 of the Dungeon)
  4298 | D:5      | Found a staircase to the Ecumenical Temple.
  4307 | Temple   | Entered the Ecumenical Temple
  4560 | Temple   | Became a worshipper of Warmaster Okawaru
  4560 | Temple   | Reached * piety under Okawaru
  4560 | Temple   | Reached ** piety under Okawaru
  4730 | D:6      | Noticed Edmund
  4779 | D:6      | Noticed Grinder
  4787 | D:6      | Paralysed by Grinder for 3 turns
  4798 | D:6      | Killed Grinder
  4798 | D:6      | Reached skill level 1 in Armour
  4798 | D:6      | Reached XP level 8. HP: 66/66 MP: 7/7
  4813 | D:6      | Noticed Dowan
  4815 | D:6      | Noticed Duvessa
  4828 | D:6      | Killed Duvessa
  4828 | D:6      | Reached skill level 8 in Unarmed Combat
  4832 | D:6      | Killed Dowan
  4873 | D:6      | Reached skill level 5 in Dodging
  4909 | D:6      | Noticed a vampire
  5184 | D:6      | Killed a vampire
  5232 | D:6      | Found an opulent altar of Gozag.
  5455 | D:7      | Reached skill level 9 in Unarmed Combat
  5695 | D:7      | Reached XP level 9. HP: 78/78 MP: 8/8
  5703 | D:7      | Reached *** piety under Okawaru
  5950 | D:7      | You fall through a shaft!
  6095 | D:7      | Found Dexzifer's General Store.
  6100 | D:7      | Bought a scroll of teleportation for 42 gold pieces
  6100 | D:7      | Bought a scroll of identify for 28 gold pieces
  6270 | D:8      | Reached skill level 10 in Unarmed Combat
  6292 | D:8      | Killed Edmund
  6357 | D:8      | Reached **** piety under Okawaru
  6951 | D:9      | Found a staircase to the Lair.
  6978 | D:9      | Reached XP level 10. HP: 41/88 MP: 3/9
  7055 | D:9      | Reached skill level 11 in Unarmed Combat
  7156 | D:9      | Noticed graki42's ghost (novice HaBe)
  7213 | D:9      | Killed graki42's ghost
  7242 | D:9      | Reached ***** piety under Okawaru
  7489 | D:9      | Reached skill level 1 in Invocations
  7663 | D:9      | Reached skill level 5 in Armour
  7762 | D:9      | Found a staircase to the Orcish Mines.
  8132 | D:9      | Reached XP level 11. HP: 30/95 MP: 3/12
  8174 | D:10     | Entered Level 10 of the Dungeon
  8266 | D:10     | Reached skill level 12 in Unarmed Combat
  8283 | D:10     | Noticed Harold
  8303 | D:10     | Killed Harold
  8583 | D:10     | Noticed Psyche
  8598 | D:10     | Killed Psyche
  8633 | D:10     | Received a gift from Okawaru
  9018 | D:11     | Noticed a death knight
  9019 | D:11     | Noticed a phantasmal warrior
  9064 | D:10     | Killed a death knight
  9064 | D:10     | Reached skill level 5 in Stealth
  9085 | D:10     | Killed a phantasmal warrior
  9137 | Lair:1   | Entered Level 1 of the Lair of Beasts
  9292 | Lair:1   | Reached ****** piety under Okawaru
  9646 | Lair:1   | Received a gift from Okawaru
  9753 | Lair:1   | Reached XP level 12. HP: 99/106 MP: 12/14
 10125 | Lair:2   | Reached skill level 13 in Unarmed Combat
 10158 | Lair:2   | Noticed Urug
 10360 | Lair:2   | Found a hole to the Spider Nest.
 10385 | Lair:2   | Found a staircase to the Swamp.
 10403 | Lair:2   | Noticed Erica
 10412 | Lair:2   | Killed Erica
 10412 | Lair:2   | Reached skill level 5 in Invocations
 10711 | Lair:2   | Killed Urug
 10711 | Lair:2   | Received a gift from Okawaru
 10714 | Lair:2   | Got a dazzling scimitar {god gift}
 10715 | Lair:2   | Identified the +6 scimitar of the Puffball {drain, Dex+2} (Okawaru gifted it to you on level 2 of the Lair of Beasts)
 10842 | Lair:3   | Reached skill level 10 in Fighting
 10855 | Lair:3   | Noticed Rupert
 10867 | Lair:3   | Killed Rupert
 10893 | Lair:3   | Noticed Fannar
 10897 | Lair:3   | Noticed a six-headed hydra
 10905 | Lair:3   | Killed a six-headed hydra
 10928 | Lair:3   | Killed Fannar
 11038 | Lair:3   | Found a labyrinth entrance.
 11047 | Lab      | Entered a labyrinth
 11320 | Lab      | Noticed a minotaur
 11327 | Lab      | Killed a minotaur
 11353 | Lab      | Got a crude crystal amulet
 11354 | Lab      | Got a shimmering plate armour
 11367 | Lair:3   | Identified the amulet "Korink" {Faith Str+6} (You found it in a labyrinth)
 11387 | Lair:3   | Identified the cursed +0 plate armour of Fun {-Tele rElec Slay+3} (You found it in a labyrinth)
 11985 | Lair:4   | Noticed a six-headed hydra
 12137 | Lair:4   | Reached skill level 14 in Unarmed Combat
 12137 | Lair:4   | Reached XP level 13. HP: 95/114 MP: 13/16
 12559 | Lair:4   | Received a gift from Okawaru
 12560 | Lair:4   | Got a shimmering arbalest {god gift}
 12561 | Lair:4   | Identified the +6 arbalest of Boosso {flame, -Tele rElec Stlth+} (Okawaru gifted it to you on level 4 of the Lair of Beasts)
 12594 | Lair:4   | HP: 2/114 [acid (13)]
 12595 | Lair:4   | Killed from afar by an oklob plant

Vault maps used:
D:1:      dpeg_arrival_short_road
D:2:      first_bread, minmay_misc_feat_more_columns, kennysheep_flooded_box,
          grunt_ministairs_12
D:4:      nrook_mini_backslash, kennysheep_generic_room_10,
          uniq_crazy_yiuf_cottage
D:6:      nicolae_gozag_seed_capital, uniq_duvessa, uniq_edmund, uniq_grinder
D:7:      serial_shops, kennysheep_little_box
D:8:      item_on_display_a
D:9:      erik_lair_orcish_takeover, orc_0_dummy, david_nohive_1
D:10:     pond, uniq_psyche, uniq_harold
D:11:     hangedman_decor_growths, hex_tiny
Temple:   nicolae_temple_the_god_donut
Lair:1:   grunt_megastairs_1, lemuel_fruit_tree, serial_bayou_shore_b,
          serial_bayou_shore_a, lemuel_fruit_fields
Lair:2:   minmay_swamp_entry_worms, spider_nest_entry_web_field, uniq_urug,
          uniq_erica
Lair:3:   lab_entry_generic, infiniplex_staircase_pool_2, uniq_fannar,
          uniq_rupert
Lair:4:   minmay_lair_oklob_chamber, st_stairs_7, grunt_megastairs_3
Lab:      labyrinth_hidden_loot

Skill      XL: |  1  2  3  4  5  6  7  8  9 10 11 12 13 |
---------------+----------------------------------------+-----
Unarmed Combat | 4 5 6 7 9 10 11 12 14 | 14.4
Dodging        | 3 4 5 6 7 8 9 |  9.0
Fighting       | 4 5 6 7 8 9 10 | 10.7
Armour         | 1 2 4 5 6 7 |  7.6
Invocations    | 2 4 6 7 |  7.0
Stealth        | 3 5 7 |  7.8

Action                   |  1- 3 |  4- 6 |  7- 9 | 10-12 | 13-15 || total
-------------------------+-------+-------+-------+-------+-------++-------
Melee: Unarmed           |   110 |   191 |   363 |   644 |   117 ||  1425
       Punch             |       |     4 |    13 |    47 |    12 ||    76
Invok: Heroism           |       |       |     3 |    19 |     5 ||    27
       Finesse           |       |       |       |     2 |       ||     2
  Use: Scroll            |     1 |     3 |     5 |    16 |       ||    25
       Potion            |       |     1 |     2 |     1 |       ||     4
 Stab: Sleeping          |     8 |     5 |     4 |    11 |     1 ||    29
  Eat: Chunk             |     2 |    11 |    24 |    33 |     2 ||    72
Armor: Robe              |    15 |     6 |     9 |       |       ||    30
       Ring mail         |       |       |    70 |    89 |       ||   159
       Troll leather arm |       |       |       |    49 |    18 ||    67
Dodge: Dodged            |    74 |   103 |   192 |   429 |    70 ||   868
